AoeStats
← Dr_Oetker02

Black Forest

508700314Analyzed
3v3 RM · 8d ago on Sep 23, 2026· 63m 20s· 6 players
Game mode
Random Map
Map size
Normal (6 player)
Population
200
Speed
Normal
Resources
Standard
Victory
Conquest
Starting age
Dark Age
Ending age
Imperial Age
RankedLock teamsTeams togetherTeam positionsShared explorationLock speedFull tech treeHidden civsTurbo modeCheats
Victory
Defeat
🇱🇾 Franks · Libya
1316
+11
🇺🇸 Romans · United States
1274
+13
🇲🇽 Bohemians · Mexico
1169
+17
🇬🇧 Hindustanis · United Kingdom
1219
-14
🇪🇸 Varangians · Spain
1209
-14
🇦🇹 Bulgarians · Austria
1184
-13
DonCeltska
12:32 Feudal Age
18:01 Castle Age
16:35 Horse Collar
16:41 Double-Bit Axe
18:39 Loom
20:40 Bow Saw
27:53 Forging
27:43 Scale Mail Armor
27:50 Heavy Plow
28:50 Wheelbarrow
29:07 Gold Mining
32:24 Forging
32:15 Scale Mail Armor
33:14 Pikeman
45:03 Iron Casting
44:43 Chain Mail Armor
60:17 Caravan
Dr_Oetker02
0:51 Loom
15:24 Feudal Age
20:09 Castle Age
18:51 Horse Collar
19:56 Double-Bit Axe
22:44 Wheelbarrow
22:33 Bow Saw
22:09 Fishing Lines
23:57 Heavy Plow
26:09 Stone Mining
26:09 Gold Mining
26:57 Hand Cart
29:33 Stone Shaft Mining
29:34 Gold Shaft Mining
33:57 Imperial Age
31:30 Scale Mail Armor
31:40 Forging
33:16 Iron Casting
32:56 Chain Mail Armor
33:16 Fletching
33:25 Stirrups
33:08 Pikeman
33:49 Squires
33:34 Gambesons
33:37 Arson
34:06 Scale Barding Armor
34:17 Onager
35:19 Conscription
35:37 Plate Mail Armor
35:23 Siege Engineers
36:37 Blast Furnace
36:41 Crop Rotation
38:21 Caravan
38:33 Halberdier
41:13 Siege Onager
44:13 Chemistry
43:34 Ballistics
43:25 Masonry
49:41 Bodkin Arrow
60:33 Bracer
61:06 Architecture
xSantalogx
5:11 Loom
11:56 Feudal Age
14:06 Double-Bit Axe
17:01 Castle Age
14:47 Horse Collar
16:44 Wheelbarrow
21:39 Redemption
30:09 Imperial Age
28:11 Gold Mining
28:57 Scale Barding Armor
29:03 Forging
31:15 Hand Cart
30:46 Town Watch
31:04 Heavy Plow
31:42 Husbandry
31:53 Bloodlines
32:05 Chain Barding Armor
32:25 Iron Casting
33:29 Heavy Camel Rider
34:45 Conscription
37:05 Blast Furnace
39:22 Plate Barding Armor
40:03 Imperial Camel Rider
41:34 Caravan
45:50 Chemistry
45:11 Ballistics
45:52 Padded Archer Armor
45:42 Fletching
47:35 Shatagni
47:36 Grand Trunk Road
SAMOAN SHOTGUN
1:59 Loom
14:38 Feudal Age
18:50 Castle Age
16:43 Double-Bit Axe
20:35 Bow Saw
34:05 Imperial Age
32:30 Ballistics
33:36 Wheelbarrow
32:47 Town Watch
34:24 Horse Collar
35:26 Forging
34:40 Heavy Scorpion
35:52 Ballistas
36:08 Conscription
37:08 Chemistry
36:19 Fortified Wall
35:38 Pikeman
36:20 Squires
39:56 Iron Casting
39:22 Scale Mail Armor
39:57 Hand Cart
39:44 Town Patrol
41:54 Siege Engineers
42:58 Halberdier
48:42 Blast Furnace
55:52 Chain Mail Armor
55:43 Scale Barding Armor
55:01 Man-at-Arms
56:30 Comitatenses
56:14 Long Swordsman
56:48 Legionary
57:59 Fletching
61:45 Heavy Plow
61:39 Gold Mining
61:41 Stone Mining
GUILLOTINA
10:04 Feudal Age
9:53 Loom
13:57 Castle Age
12:01 Double-Bit Axe
28:53 Imperial Age
29:15 Chemistry
salah.7nwiji
3:22 Loom
7:52 Loom
12:15 Feudal Age
12:58 Double-Bit Axe
15:51 Castle Age
14:38 Fishing Lines
17:29 Bow Saw
20:25 Gillnets
23:09 Wheelbarrow
26:08 Scale Barding Armor
26:16 Husbandry
28:33 Chain Barding Armor
28:24 Forging
28:30 Gold Mining
28:30 Stone Mining
28:31 Gold Mining
28:31 Stone Mining
28:31 Gold Mining
32:01 Imperial Age
30:54 Gold Shaft Mining
31:29 Iron Casting
32:13 Fletching
32:06 Treadmill Crane
32:45 Masonry
32:10 Cavalier
33:43 Plate Barding Armor
34:40 Blast Furnace
34:14 Conscription
34:24 Caravan
34:11 Town Watch
34:40 Paladin
35:40 Chivalry
36:27 Ballistics
40:19 Scale Mail Armor
39:41 Elite Throwing Axeman
41:12 Architecture
41:40 Hand Cart
41:10 Town Watch
41:48 Chain Mail Armor
41:52 Squires
41:44 Arson
42:00 Bodkin Arrow
42:46 Hoardings
42:34 Murder Holes
43:37 Plate Mail Armor
44:11 Hoardings
45:42 Chemistry
45:54 Siege Engineers
56:13 Light Cavalry
58:16 Fortified Wall
Connection lost

Rejoining the realm…

Still unreachable

The connection could not be restored.

Session expired

The server has moved on; the page needs a fresh start.